 Dungeon Crawl Stone Soup version 0.31-a0-174-g85c54bcb58 (webtiles) character file.

Game seed: 1416600463906676534

100 Nixze the Vexing (level 4, -4/34 HPs)
             Began as a Gnoll Hexslinger on June 15, 2023.
             Slain by a sky beast (5 damage)
             ... on level 6 of the Dungeon.
             The game lasted 00:08:36 (3157 turns).

Nixze the Vexing (Gnoll Hexslinger)                 Turns: 3157, Time: 00:08:37

Health: -4/34      AC:  5    Str:  4 (7)  XL:     4   Next: 74%
Magic:  8/8        EV: 11    Int: 11 (14) God:
Gold:   61         SH:  3    Dex: 12 (15) Spells: 5/9 levels left

rFire   . . .        b - +2 dagger (elec)
rCold   + . .        m - +0 buckler
rNeg    . . .        e - +0 leather armour
rPois   .            (no helmet)
rElec   .            (no cloak)
rCorr   .            (no gloves)
SInv    .            (no boots)
Will    .....        (no amulet)
Stlth   +            (no ring)
HPRegen 0.25/turn    (no ring)
MPRegen 0.11/turn

%: no passive effects
@: weak-willed, attractive
A: fangs 1, strong nose, distributed training, iridescent scales 1, cold
resistance 1, no potion heal 1
a: no special abilities


You were on level 6 of the Dungeon.
You visited 1 branch of the dungeon, and saw 4 of its levels.

You collected 139 gold pieces.
You spent 78 gold pieces at shops.

Inventory:

Hand Weapons
 a - a +1 sling
 b - a +2 dagger of electrocution (weapon)
 n - a +0 morningstar
Missiles
 t - 2 datura-tipped darts
Armour
 e - a +0 leather armour (worn)
 m - a +0 buckler (worn)
Scrolls
 c - 2 scrolls of vulnerability
 d - a scroll of poison
 g - a scroll of acquirement {unknown}
 h - 2 scrolls of identify {unknown}
 j - 3 scrolls of revelation {unknown}
 l - 2 scrolls of silence {unknown}
 o - a scroll of immolation {unknown}
 p - 2 scrolls of fear {unknown}
 s - a scroll of teleportation {unknown}


   Skills:
 + Level 2.8 Fighting
 + Level 1.2 Short Blades
 + Level 1.2 Long Blades
 + Level 1.2 Axes
 + Level 1.2 Maces & Flails
 + Level 1.2 Polearms
 + Level 1.2 Staves
 + Level 4.7 Ranged Weapons
 + Level 1.2 Throwing
 + Level 1.2 Armour
 + Level 4.7 Dodging
 + Level 1.2 Stealth
 + Level 1.2 Shields
 + Level 1.2 Unarmed Combat
 + Level 3.0 Spellcasting
 + Level 1.0 Conjurations
 + Level 5.5 Hexes
 + Level 1.0 Summonings
 + Level 1.0 Necromancy
 + Level 1.0 Translocations
 + Level 1.0 Transmutations
 + Level 1.0 Fire Magic
 + Level 1.0 Ice Magic
 + Level 1.0 Air Magic
 + Level 1.0 Earth Magic
 + Level 1.0 Poison Magic
 + Level 1.4 Invocations
 + Level 1.2 Evocations


You had 5 spell levels left.
You knew the following spells:

 Your Spells              Type           Power      Damage    Failure   Level
a - Slow                  Hex            52%        N/A       10%         1
b - Portal Projectile     Hex/Tloc       16%        N/A       56%         3

Your spell library contained the following spells:

 Spells                   Type           Power      Damage    Failure   Level
 Inner Flame              Hex/Fire       8%         N/A       56%         3
 Cause Fear               Hex            6%         N/A       67%         4


Dungeon Overview and Level Annotations

Branches:
Dungeon (3/15)

Altars:
Qazlal

Shops:
D:3 *


Innate Abilities, Weirdness & Mutations

You have very sharp teeth.
Your uncanny sense of smell can sniff out nearby items.
Your experience applies equally to all skills.
You are partially covered in iridescent scales. (AC +2)
Your flesh is cold resistant. (rC+)
Potions are less effective at restoring your health.


Message History

The sky beast is heavily wounded.
The sky beast hits you. The sky beast shocks you.
You barely miss the sky beast.
The sky beast is heavily wounded.
The sky beast misses you.
You barely miss the sky beast.
The sky beast is heavily wounded.
The sky beast closely misses you.
As you read the scroll labelled SANNOE JUIM, it crumbles to dust.
Magic quickly surges around you.
It was a scroll of vulnerability.
The sky beast hits you but does no damage.
You barely miss the sky beast.
The sky beast is heavily wounded.
The sky beast misses you.
You completely miss the sky beast.
The sky beast is heavily wounded.
You block the sky beast's attack.
The sky beast hits you but does no damage.
You hit the sky beast but do no damage. Your bite misses the sky beast.
The sky beast is heavily wounded.
The sky beast hits you. The sky beast shocks you.
You closely miss the sky beast.
The sky beast is heavily wounded.
You block the sky beast's attack.
You hit the sky beast.
The sky beast is heavily wounded.
The sky beast hits you.
* * * LOW HITPOINT WARNING * * *
The sky beast shocks you.
* * * LOW HITPOINT WARNING * * *
As you read the scroll labelled TONNIZ ZEVVUIDD, it crumbles to dust.
You hear a loud clanging noise!
It was a scroll of noise.
You hear a shout!
Something shouts, "Begone, thou spongy weeb-spouting buzzard-bait!"
You hear a shout!
The sky beast hits you.
* * * LOW HITPOINT WARNING * * *
The sky beast shocks you.
You die...

#....# ..#.# #.#.#
#.#.##### #....[..#
########## #.......#
#......... #.......#
#.########
#######.......####.#
........#.###..Y@..#
#########.# #.######
#.# #.# #.# #.# #.#
#.# #.# #.# #.# #.#
#.#


You could see a sky beast (weak-willed).

Vanquished Creatures
  A gnoll (D:2)
  3 adders
  A worm (D:2)
  8 bats
  4 endoplasms
  6 giant cockroaches
  7 goblins
  11 hobgoblins
  5 ball pythons
  2 frilled lizards
  5 kobolds
  5 rats
58 creatures vanquished.

Notes
Turn   | Place    | Note
-------+----------+-------------------------------------------
     0 | D:1      | Nixze the Gnoll Hexslinger began the quest for the Orb.
     0 | D:1      | Reached XP level 1. HP: 17/17 MP: 4/4
   167 | D:1      | Reached XP level 2. HP: 23/23 MP: 5/5
   696 | D:1      | Reached XP level 3. HP: 28/28 MP: 7/7
  1107 | D:2      | Reached skill level 1 in Invocations
  1260 | D:2      | Reached skill level 1 in Short Blades
  1260 | D:2      | Reached skill level 1 in Long Blades
  1260 | D:2      | Reached skill level 1 in Axes
  1260 | D:2      | Reached skill level 1 in Maces & Flails
  1260 | D:2      | Reached skill level 1 in Polearms
  1260 | D:2      | Reached skill level 1 in Staves
  1260 | D:2      | Reached skill level 1 in Throwing
  1260 | D:2      | Reached skill level 1 in Armour
  1260 | D:2      | Reached skill level 1 in Stealth
  1260 | D:2      | Reached skill level 1 in Shields
  1260 | D:2      | Reached skill level 1 in Unarmed Combat
  1260 | D:2      | Reached skill level 1 in Evocations
  1546 | D:2      | Learned a level 3 spell: Portal Projectile
  1590 | D:2      | Reached XP level 4. HP: 34/34 MP: 4/8
  2182 | D:3      | Reached skill level 1 in Conjurations
  2182 | D:3      | Reached skill level 1 in Summonings
  2182 | D:3      | Reached skill level 1 in Necromancy
  2182 | D:3      | Reached skill level 1 in Translocations
  2182 | D:3      | Reached skill level 1 in Transmutations
  2182 | D:3      | Reached skill level 1 in Fire Magic
  2182 | D:3      | Reached skill level 1 in Ice Magic
  2182 | D:3      | Reached skill level 1 in Air Magic
  2182 | D:3      | Reached skill level 1 in Earth Magic
  2182 | D:3      | Reached skill level 1 in Poison Magic
  2318 | D:3      | Found Vahajan's Assorted Antiques.
  2327 | D:3      | Bought a viscous sapphire potion for 25 gold pieces
  2327 | D:3      | Bought a metallic pink potion for 25 gold pieces
  2327 | D:3      | Bought a scroll labelled CAUGRO CUZXEUF for 28 gold pieces
  2408 | D:3      | Noticed an ogre
  2671 | D:2      | HP: 1/34 [gnoll/+0 whip (4)]
  2942 | D:3      | Found a stormy altar of Qazlal.
  3098 | D:3      | You fall into a shaft and drop 3 floors!
  3120 | D:6      | Noticed a sky beast
  3135 | D:6      | Gained mutation: You are partially covered in iridescent
                  | scales. (AC +2) [potion of mutation]
  3135 | D:6      | Gained mutation: Potions are less effective at restoring
                  | your health. [potion of mutation]
  3135 | D:6      | Gained mutation: Your flesh is cold resistant. (rC+)
                  | [potion of mutation]
  3157 | D:6      | HP: 1/34 [sky beast (3)]
  3157 | D:6      | Slain by a sky beast

Illustrated notes

Levels and vault maps discovered:
D:1:      sevenhm_arrival_forest_fort_small_4, layout_basic
D:2:      layout_basic
D:3:      layout_basic, lemuel_tele_altar, serial_shops, shop
D:6:      layout_basic, amcnicky_altar_gilded, minmay_temple_entry_sparse_star

Skill      XL: |  1  2  3  4 |
---------------+-------------+-----
Invocations    | 1 |  1.4
Short Blades   | 1 |  1.2
Long Blades    | 1 |  1.2
Axes           | 1 |  1.2
Maces & Flails | 1 |  1.2
Polearms       | 1 |  1.2
Staves         | 1 |  1.2
Throwing       | 1 |  1.2
Armour         | 1 |  1.2
Stealth        | 1 |  1.2
Shields        | 1 |  1.2
Unarmed Combat | 1 |  1.2
Evocations     | 1 |  1.2
Spellcasting   | 3 |  3.0
Conjurations   | 1 |  1.0
Summonings     | 1 |  1.0
Necromancy     | 1 |  1.0
Translocations | 1 |  1.0
Transmutations | 1 |  1.0
Fire Magic     | 1 |  1.0
Ice Magic      | 1 |  1.0
Air Magic      | 1 |  1.0
Earth Magic    | 1 |  1.0
Poison Magic   | 1 |  1.0
Fighting       | |  2.8
Ranged Weapons | |  4.7
Dodging        | |  4.7
Hexes          | |  5.5

Action                     |  1- 3 |  4- 6 || total
---------------------------+-------+-------++-------
  Melee: Unarmed           |    32 |       ||    32
         Bite              |     8 |     3 ||    11
         Dagger            |    42 |    51 ||    93
   Fire: Sling             |    79 |    37 ||   116
   Cast: Slow              |     1 |     8 ||     9
    Use: Potion            |       |     4 ||     4
         Scroll            |       |     2 ||     2
 Armour: Robe              |     6 |       ||     6
         Leather armour    |    14 |    12 ||    26
  Dodge: Dodged            |    63 |    33 ||    96
  Block: Buckler           |       |    12 ||    12

Table legend: (Time is in decaauts)
 A = Elapsed time spent in this place.
 B = Non-inter-level travel time spent in this place.
 C = Inter-level travel time spent in this place.
 D = Time resting spent in this place.
 E = Time spent auto-exploring this place.
 F = Levels seen in this place.
 G = Mean time per level.
                   A        B        C        D        E       F      G
               +--------+--------+--------+--------+--------+-----+--------+
         Total |   3168 |   3045 |    123 |    605 |   1864 |   4 |  792.0 |
       Dungeon |   3168 |   3045 |    123 |    605 |   1864 |   4 |  792.0 |
               +--------+--------+--------+--------+--------+-----+--------+

Top non-repeatable levels by time:
     D:2: 1435 daAuts
     D:1: 1045 daAuts
     D:3: 628 daAuts
     D:6: 59 daAuts
